 Dungeon Crawl Stone Soup version 0.20.0-15-g7f486f2 (webtiles) character file.

127 straycat the Magician (level 4, -2/33 HPs)
             Began as a Vampire Wanderer on June 25, 2017.
             Slain by Overlord's ghost (5 damage)
             ... on level 3 of the Dungeon.
             The game lasted 00:18:12 (2680 turns).

straycat the Magician (Vampire Wanderer)            Turns: 2680, Time: 00:18:13

Health: -2/33      AC:  1    Str: 14    XL:     4   Next: 85%
Magic:  8/11       EV: 11    Int: 15    God:
Gold:   146        SH:  0    Dex: 12    Spells: 7/13 levels left

rFire    . . .     SeeInvis +   c - +4 falchion (elec)
rCold    . . .     Gourm    .   (no shield)
rNeg     + . .     Faith    .   A - +0 ring mail
rPois    +         Spirit   .   (no helmet)
rElec    .         Reflect  .   (no cloak)
rCorr    .         Harm     .   (no gloves)
MR       .....                  (no boots)
Stlth    ++........             (no amulet)
Regen    0.2/turn               n - ring of poison resistance
MPRegen  0.2/turn               x - +2 ring of intelligence

@: corroded
A: fangs 3, see invisible, unbreathing
a: Bat Form


You were on level 3 of the Dungeon.
You were not thirsty.

You visited 1 branch of the dungeon, and saw 4 of its levels.

You collected 146 gold pieces.

Inventory:

Hand Weapons
 c - a +4 falchion of electrocution (weapon)
 j - a +0 spear
 o - a +0 dagger
 q - a +0 hunting sling
 r - a +2 whip of draining
Missiles
 g - 49 arrows
 h - 128 stones
 p - 40 bolts
 t - 19 poisoned needles
 v - 4 javelins (quivered)
 y - 7 sling bullets
Armour
 A - a +0 ring mail (worn)
 B - a +0 leather armour
Jewellery
 n - a ring of poison resistance (left hand)
 x - a +2 ring of intelligence (right hand)
Wands
 w - a wand of confusion (29/48)
Scrolls
 i - 2 scrolls of recharging
 l - a scroll of teleportation
 m - a scroll of amnesia
Potions
 e - 2 potions of agility
 f - 13 potions of blood
 k - 2 potions of curing {unknown}
 s - 2 potions of heal wounds {unknown}
Books
 a - a book of Minor Magic

   Spells                             Type                      Level
   a - Magic Dart                     Conjuration                  1
   b - Blink                          Translocation                2
   c - Call Imp                       Summoning                    2
   d - Slow                           Hexes                        2
   e - Conjure Flame                  Conjuration/Fire             3
   f - Mephitic Cloud                 Conjuration/Poison/Air       3
 b - the Handbook of Ice

   Spells                             Type                      Level
   a - Freeze                         Ice                          1
   b - Ozocubu's Armour               Charms/Ice                   3


   Skills:
 + Level 2.2 Fighting
 + Level 0.0 Short Blades
 * Level 3.1 Dodging
 + Level 3.6 Stealth
   Level 1.0 Shields
 - Level 5.0 Spellcasting
 - Level 1.5 Hexes
 - Level 1.0 Translocations
   Level 1.0 Earth Magic


You had 7 spell levels left.
You knew the following spells:

 Your Spells              Type           Power        Failure   Level  Hunger
a - Magic Dart            Conj           #...         32%         1    None
b - Freeze                Ice            #...         32%         1    None
c - Slow                  Hex            #.......     26%         2    ##.....
d - Blink                 Tloc           N/A          32%         2    ##.....


Dungeon Overview and Level Annotations

Branches:
Dungeon (4/15)
 Temple: D:4-7

Altars:

Annotations:
D:3 Overlord's ghost, amateur DrTm


Innate Abilities, Weirdness & Mutations

You have razor-sharp teeth.
You have supernaturally acute eyesight. (SInv)
You can survive without breathing.


Message History

Confirm with . or Enter, or press ? or * to list all spells.
Aiming: Slow
Press: ? - help, Shift-Dir - straight line, f/p - Overlord's ghost
Aim: Overlord's ghost (lightly damaged, chance to defeat MR: 37%) Overlord's ghost seems to slow down.
There is a stone staircase leading down here.
You climb downwards.
A jelly and a scorpion come into view.
The jelly quivers.
Found six items.
Found a stone staircase leading down.
There is a stone staircase leading up here.
You completely miss the jelly. Your bite misses the jelly. The jelly hits you.
The acid corrodes you!
You are splashed with acid!
The acid burns!
* * * LOW HITPOINT WARNING * * *
The jelly misses you.
You riposte.
You slash the jelly!
The jelly is heavily wounded.
You climb upwards.
Level annotation: Overlord's ghost, amateur DrTm Overlord's ghost hits you.
You die...

#.......# #.$...#
#.......# #.....#
#.......# .....##
#.......# ......
#.......### ...#
####.##...# ##.###
#.)###.## ##..... ##[#
#..############..#..# #.#
##.W@J.g........###.# #)#
################ ..
#####.######## #
#...).........
#..##.######## ##......#
####.#.#######
#.#.......##########
#.#######..........######


You could see a jelly, Overlord's ghost and a goblin.

Vanquished Creatures
  An orc wizard (D:3)
  A gnoll (D:1)
  2 adders (D:2)
  2 worms (D:2)
  A leopard gecko (D:1)
  7 orcs (D:3)
  9 bats
  2 giant cockroaches
  9 goblins
  6 hobgoblins
  3 jackals
  2 quokkas
  A ball python (D:3)
  2 frilled lizards (D:1)
  2 kobolds (D:1)
  3 rats (D:1)
53 creatures vanquished.

Notes
Turn   | Place    | Note
-------+----------+-------------------------------------------
     0 | D:1      | straycat the Vampire Wanderer began the quest for the Orb.
     0 | D:1      | straycat set off with: a book of Minor Magic, the Handbook of Ice, a potion of lignification, a +0 robe, a +0 club, a potion of blood
     0 | D:1      | Reached XP level 1. HP: 13/13 MP: 6/6
     0 | D:1      | Identified the Handbook of Ice
     2 | D:1      | Learned a level 1 spell: Magic Dart
     4 | D:1      | Learned a level 1 spell: Freeze
   213 | D:1      | Reached XP level 2. HP: 20/20 MP: 2/8
   218 | D:1      | Reached skill level 1 in Dodging
   569 | D:1      | Learned a level 2 spell: Slow
   662 | D:1      | Reached skill level 1 in Fighting
   662 | D:1      | Reached XP level 3. HP: 23/26 MP: 0/9
   841 | D:1      | Learned a level 2 spell: Blink
  2078 | D:2      | Reached XP level 4. HP: 28/33 MP: 3/11
  2650 | D:3      | Noticed Overlord's ghost (amateur DrTm)
  2680 | D:3      | Slain by Overlord's ghost

Skill      XL: |  1  2  3  4 |
---------------+-------------+-----
Stealth        | 2 3 |  3.6
Dodging        | 1 2 3 |  3.1
Fighting       | 1 2 |  2.2
Shields        | |  1.0
Spellcasting   | |  5.0
Hexes          | |  1.5
Translocations | |  1.0
Earth Magic    | |  1.0

Action                   |  1- 3 |  4- 6 || total
-------------------------+-------+-------++-------
Melee: Club              |    42 |       ||    42
       Bite              |    11 |     2 ||    13
       Spear             |    35 |       ||    35
       Falchion          |    17 |    49 ||    66
 Cast: Magic Dart        |    83 |    10 ||    93
       Slow              |       |     3 ||     3
  Use: Scroll            |     6 |     2 ||     8
       Potion            |     2 |     5 ||     7
 Stab: Sleeping          |     2 |     2 ||     4
  Eat: Corpse            |     1 |     1 ||     2
Armor: Robe              |    24 |     9 ||    33
       Ring mail         |       |     4 ||     4
Dodge: Dodged            |    74 |    43 ||   117
       Rpst.: Falchion   |     1 |    13 ||    14
